 Dungeon Crawl Stone Soup version 0.30-a0-830-gfe289a77b0 (webtiles) character file.

Game seed: 13665437010886001129

8197 cforsyth the Covert (level 11, -25/64 HPs)
             Began as a Kobold Brigand on Feb 28, 2023.
             Was a Follower of Hepliaklqana.
             Annihilated by a large abomination (33 damage)
             ... on level 2 of the Abyss.
             The game lasted 00:13:37 (10276 turns).

cforsyth the Covert (Kobold Brigand)               Turns: 10276, Time: 00:13:38

Health: -25/64     AC: 14    Str: 10    XL:     11   Next: 51%
Magic:  11/11      EV: 25    Int: 10    God:    Hepliaklqana [*.....]
Gold:   591        SH:  0    Dex: 26    Spells: 10/10 levels left

rFire   + . .      SeeInvis +    D - +6 rapier (protect)
rCold   + . .      Faith    .    (no shield)
rNeg    . . .      Spirit   .    b - +0 robe
rPois   .          Reflect  .    U - +1 hat of Broken Taboos {rC+ Regen+ Int-2 Dex+6}
rElec   .          Harm     .    c - +0 cloak
rCorr   .          Rampage  .    l - +1 pair of gloves
Will    .....                    N - +0 pair of boots
Stlth   +++++++                  v - amulet of the acrobat
HPRegen 0.00/turn                g - ring of protection from fire
MPRegen 0.12/turn                z - ring of see invisible

@: under a protective aura, sick
A: reduced essence, small, no large weapons, nightstalker 3
a: Renounce Religion, Recall Ancestor, Ancestor Identity


You were on level 2 of the Abyss.
You worshipped Hepliaklqana.
Hepliaklqana was aware of your devotion.
You visited 1 branch of the dungeon, and saw 10 of its levels.
You visited the Abyss 1 time.
You also visited: Sewer.

You collected 591 gold pieces.

Inventory:

Hand Weapons
 a - a +2 dagger
 m - a +2 dagger of speed
 q - a +0 short sword of venom
 D - a +6 rapier of protection (weapon)
 I - a +4 dagger of venom
Missiles
 d - 18 poisoned darts (quivered)
 e - 6 curare-tipped darts
 y - 2 throwing nets
 F - 5 atropa-tipped darts
Armour
 b - a +0 robe (worn)
 c - a +0 cloak (worn)
 l - a +1 pair of gloves (worn)
 r - the +0 helmet of a bailey {Regen+ rCorr MP+9 Stlth+}
   (You took it off Robin on level 2 of the Dungeon)

   MP:        It affects your magic capacity (+9).
   Regen:     It increases your rate of health regeneration.
   rCorr:     It protects you from acid and corrosion.
   Stlth:     It makes you more stealthy.
 N - a +0 pair of boots (worn)
 U - the +1 hat of Broken Taboos (worn) {rC+ Regen+ Int-2 Dex+6}
   (You found it on level 8 of the Dungeon)

   Int:       It affects your intelligence (-2).
   Dex:       It affects your dexterity (+6).
   rC:        It protects you from cold.
   Regen:     It increases your rate of health regeneration.
Jewellery
 g - a ring of protection from fire (left hand)
 n - a ring of positive energy
 v - an amulet of the acrobat (around neck)
 z - a ring of see invisible (right hand)
 B - a ring of positive energy
Wands
 E - a wand of roots (36)
 H - a wand of acid (10)
 R - a wand of flame (17)
 S - a wand of polymorph (8)
Scrolls
 f - 3 scrolls of poison
 h - 2 scrolls of torment
 i - a scroll of blinking
 k - a scroll of enchant armour
 s - 8 scrolls of teleportation
 t - 2 scrolls of fog
 J - a scroll of enchant weapon
 M - 2 scrolls of fear
Potions
 j - 7 potions of lignification
 o - 3 potions of flight
 p - 2 potions of attraction
 u - 2 potions of heal wounds
 w - 4 potions of curing
 x - 3 potions of brilliance
 A - 2 potions of might
 C - 3 potions of haste
 G - 2 potions of ambrosia {unknown}
 K - a potion of cancellation
 P - a potion of resistance {unknown}


   Skills:
 + Level 9.7 Fighting
 + Level 11.5 Short Blades
 - Level 2.1 Throwing
 + Level 10.3 Dodging
 + Level 13.2 Stealth


You had 10 spell levels left.
You didn't know any spells.
Your spell library contained the following spells:

 Spells                   Type           Power      Damage    Failure   Level
 Magic Dart               Conj           0%         1d3       36%         1
 Sandblast                Erth           0%         2d4       36%         1
 Blink                    Tloc           0%         N/A       50%         2
 Call Imp                 Summ           0%         N/A       50%         2
 Ensorcelled Hibernation  Hex/Ice        0%         N/A       50%         2
 Passwall                 Tmut/Erth      0%         N/A       50%         2
 Mephitic Cloud           Conj/Pois/Air  0%         N/A       75%         3
 Ozocubu's Armour         Ice            0%         N/A       75%         3
 Spider Form              Tmut/Pois      0%         N/A       75%         3
 Stone Arrow              Conj/Erth      0%         3d7       75%         3
 Anguish                  Hex/Necr       0%         N/A       98%         4
 Manifold Assault         Tloc           0%         N/A       98%         4
 Metabolic Englaciation   Hex/Ice        0%         N/A       100%        5
 Simulacrum               Ice/Necr       0%         N/A       100%        6
 Storm Form               Tmut/Air       0%         N/A       100%        7


Dungeon Overview and Level Annotations

Branches:
Dungeon (10/15)            Temple (0/1) D:7            Lair (0/5) D:8
    Orc (0/2) D:9           Sewer (visited)

Altars:
Ashenzari
Elyvilon
Gozag
Hepliaklqana
Makhleb
Qazlal
Sif Muna
Uskayaw
Wu Jian
Yredelemnul
The Shining One

Shops:
D:2 [   D:8 !

Annotations:
D:10 Erolcha


Innate Abilities, Weirdness & Mutations

Your life essence is reduced to manifest your ancestor. (-10% HP)
You are small and have problems with some larger weapons.
You are completely attuned to the shadows.


Message History

You hit the large abomination but do no damage.
The large abomination is heavily damaged.
Milos hits the large abomination.
The large abomination hits you!
* * * LOW HITPOINT WARNING * * *
You completely miss the large abomination.
The large abomination is heavily damaged.
The large abomination hits you but does no damage.
Milos hits the large abomination but does no damage.
You puncture the large abomination!
The large abomination is severely damaged.
The large abomination misses you.
You hit the large abomination.
The large abomination is almost destroyed.
Milos hits the large abomination.
You hit the large abomination but do no damage.
The large abomination is almost destroyed.
The large abomination barely misses you.
Milos hits the large abomination.
You hit the large abomination.
The large abomination is almost destroyed.
The large abomination completely misses you.
You hit the large abomination.
You destroy the large abomination!
Your life force feels restored.
Ancestor HP restored.
A large abomination comes into view.
A large abomination is nearby!
Milos hits the large abomination.
You puncture the large abomination!
Your weapon exudes an aura of protection.
The large abomination is moderately damaged.
Milos hits the large abomination but does no damage.
The large abomination misses you.
You hit the large abomination but do no damage.
The large abomination is moderately damaged.
You hit the large abomination.
The large abomination is heavily damaged.
Milos hits the large abomination!
The large abomination hits you!!
Ouch! That really hurt!
You die...

.##..
##...#
#.... #
#.###.#
#.#@R..#.#
#.X#......
...#.#..#..
.#....#....
..#.... #.
#...#.# . #
# .


You could see the friendly Milos the ancestor and a large abomination (ally
target).

Vanquished Creatures
  A two-headed ogre (D:9)
  2 large abominations (Abyss:2)
  A gargoyle (D:7)
  The ghost of pigah the Gusty, a novice OpWn (D:5)
  An ancient zyme (Abyss:2)
  Grinder (D:6)
  Prince Ribbit (D:6)
  A spriggan (D:8)
  2 wyverns
  Eustachio (D:4)
  A steam dragon (D:6)
  11 yaks
  A water moccasin (D:6)
  Pargi (Sewer)
  A sky beast (D:7)
  An ice beast (D:6)
  2 ogres
  3 phantoms
  2 centaurs
  3 bullfrogs
  4 kobold brigands
  A gnoll sergeant (D:8)
  A scorpion (D:6)
  2 necrophages
  2 wights (Abyss:2)
  6 killer bees
  4 howler monkeys
  2 orc priests (D:7)
  A bullfrog skeleton (D:5)
  A gnoll bouda (D:5)
  4 hounds
  2 jellies
  5 iguanas
  6 orc wizards
  A killer bee zombie (D:5)
  Robin (D:2)
  10 gnolls
  11 adders
  4 river rats (D:6)
  3 white imps
  5 worms
  5 dart slugs
  13 orcs
  10 ball pythons
  9 bats
  7 endoplasms
  2 giant cockroaches
  27 goblins
  15 hobgoblins
  16 jackals
  4 quokkas
  9 frilled lizards
  16 kobolds
  7 rats
254 creatures vanquished.

Vanquished Creatures (collateral kills)
  A wight (Abyss:2)
  A bullfrog skeleton (D:5)
  2 orc wizards
  A white imp (D:7)
  A kobold (D:7)
6 creatures vanquished.

Vanquished Creatures (others)
  A howler monkey (D:6)
  46 plants (D:6)
47 creatures vanquished.

Grand Total: 307 creatures vanquished

Notes
Turn   | Place    | Note
-------+----------+-------------------------------------------
     0 | D:1      | cforsyth the Kobold Brigand began the quest for the Orb.
     0 | D:1      | Reached XP level 1. HP: 12/12 MP: 1/1
   145 | D:1      | Reached XP level 2. HP: 18/18 MP: 2/2
   611 | D:1      | Reached XP level 3. HP: 22/22 MP: 3/3
  1203 | D:2      | Identified the +0 helmet of a bailey {Regen+ rCorr MP+9
                  | Stlth+}
  1203 | D:2      | Noticed Robin
  1351 | D:2      | Killed Robin
  1352 | D:2      | Reached XP level 4. HP: 20/27 MP: 4/4
  1582 | D:2      | Reached skill level 6 in Stealth
  1973 | D:2      | Found Jok Inie's Antique Armour Shop.
  1991 | D:2      | Reached XP level 5. HP: 32/32 MP: 5/5
  2650 | D:3      | Reached XP level 6. HP: 20/37 MP: 6/6
  3056 | D:3      | Reached skill level 7 in Stealth
  3195 | D:3      | Found a faded altar of an unknown god.
  3393 | D:3      | Found a glowing golden altar of the Shining One.
  3730 | D:4      | Reached skill level 5 in Short Blades
  3730 | D:4      | Reached XP level 7. HP: 32/43 MP: 7/7
  3934 | D:4      | Noticed Eustachio
  3938 | D:4      | Killed Eustachio
  4025 | D:4      | Found an ornate altar of the Wu Jian Council.
  4279 | D:4      | Found a stormy altar of Qazlal.
  4508 | D:4      | Reached skill level 8 in Stealth
  4508 | D:4      | Reached XP level 8. HP: 48/48 MP: 8/8
  4753 | D:4      | Reached skill level 5 in Fighting
  5213 | D:5      | Entered Level 5 of the Dungeon
  5344 | D:5      | Found a glowing drain.
  5348 | Sewer    | Entered a sewer
  5353 | Sewer    | Reached skill level 5 in Dodging
  5368 | Sewer    | Noticed Pargi
  5380 | Sewer    | Killed Pargi
  5833 | D:5      | Found a runed translucent gate.
  5833 | D:5      | Found a runed translucent gate.
  5833 | D:5      | Found a runed translucent gate.
  6401 | D:6      | Noticed Grinder
  6405 | D:6      | Killed Grinder
  6406 | D:6      | Reached skill level 9 in Stealth
  6406 | D:6      | Reached XP level 9. HP: 55/55 MP: 9/9
  6428 | D:6      | Noticed Prince Ribbit
  6429 | D:6      | Found a hazy altar of Hepliaklqana.
  6443 | D:6      | Killed Prince Ribbit
  6467 | D:6      | Became a worshipper of Hepliaklqana the Forgotten
  6573 | D:6      | Reached skill level 10 in Stealth
  6834 | D:6      | Found a white marble altar of Elyvilon.
  7037 | D:6      | Reached XP level 10. HP: 47/63 MP: 10/10
  7152 | D:6      | You fall into a shaft and drop 3 floors!
  7236 | D:9      | Noticed a two-headed ogre
  7248 | D:9      | Killed a two-headed ogre
  7249 | D:9      | Reached skill level 11 in Stealth
  7288 | D:9      | Found a staircase to the Orcish Mines.
  7678 | D:8      | Found a burning altar of Makhleb.
  7678 | D:8      | Found a basalt altar of Yredelemnul.
  7678 | D:8      | Found a hide-covered altar of Uskayaw.
  7710 | D:8      | Found a staircase to the Lair.
  7909 | D:7      | Reached * piety under Hepliaklqana
  8015 | D:7      | Noticed a gargoyle
  8020 | D:7      | Killed a gargoyle
  8021 | D:7      | Reached skill level 10 in Short Blades
  8180 | D:7      | Found a staircase to the Ecumenical Temple.
  8378 | D:8      | Reached skill level 12 in Stealth
  8506 | D:8      | Found a broken altar of Ashenzari.
  8599 | D:8      | Identified the +1 hat of Broken Taboos {rC+ Regen+ Int-2
                  | Dex+6}
  8680 | D:8      | Found Foon's Distillery.
  8721 | D:8      | Found a shimmering blue altar of Sif Muna.
  8918 | D:9      | Found an opulent altar of Gozag.
  8926 | D:9      | Reached XP level 11. HP: 62/62 MP: 11/11
  9720 | D:5      | Noticed pigah's ghost (novice OpWn)
  9725 | D:5      | Killed pigah's ghost
  9726 | D:5      | Reached skill level 10 in Dodging
  9996 | D:10     | Entered Level 10 of the Dungeon
 10007 | D:10     | Noticed Erolcha
 10012 | Abyss:2  | Cast into level 2 of the Abyss (Erolcha)
 10100 | Abyss:2  | Noticed a large abomination
 10112 | Abyss:2  | Killed a large abomination
 10113 | Abyss:2  | Reached skill level 13 in Stealth
 10219 | Abyss:2  | Noticed a large abomination
 10237 | Abyss:2  | Killed a large abomination
 10276 | Abyss:2  | Annihilated by a large abomination

Illustrated notes

Levels and vault maps discovered:
D:1:      minmay_arrival_up_and_down, layout_loops_corners, minmay_cut_off
D:2:      layout_loops_corners, serial_shops, nicolae_shop_window_shopping,
          minmay_divided_ellipse, uniq_robin
D:3:      layout_basic, nicolae_tso_carved_into_rock,
          nicolae_ecumenical_snake_handling
D:4:      layout_layer_cave, old_standard_altar, mainiacjoe_overflow_24_doors,
          minmay_goblin_kobold_house, uniq_eustachio
D:5:      layout_loops_cross, gammafunk_ghost_necromancy, gup_sewer_entry_bowl
D:6:      wad_woods_stonehenge, layout_basic, elyvilon_altar_1, moated_statue,
          uniq_grinder, uniq_prince_ribbit1
D:7:      layout_rooms, temple_fountains
D:8:      layout_rooms, mainiacjoe_overflow_cross_hatched, kennysheep_mini_moat,
          gammafunk_temple_overflow_claw, lair_entry_dummy, serial_shops,
          nicolae_shop_stone, the_hattery
D:9:      layout_loops_ring, grunt_gozag_statues, orc_0_dummy
D:10:     layout_loops_ring, enter_bailey_3, st_stairs_11, patterned_corridor,
          uniq_erolcha, uniq_psyche
Abyss:2:  base: D:1, hangedman_decor_points

Skill      XL: |  1  2  3  4  5  6  7  8  9 10 11 |
---------------+----------------------------------+-----
Short Blades   | 3 4 5 7 8 10 11 | 11.5
Dodging        | 2 3 4 6 7 9 10 | 10.3
Stealth        | 6 7 8 9 10 12 13 | 13.2
Fighting       | 3 4 6 7 8 9 |  9.7
Throwing       | |  2.1

Action                     |  1- 3 |  4- 6 |  7- 9 | 10-12 || total
---------------------------+-------+-------+-------+-------++-------
  Melee: Dagger            |    95 |   209 |    32 |       ||   336
         Punch             |     1 |     3 |     2 |     7 ||    13
         Rapier            |       |       |   244 |   253 ||   497
 Invoke: Recall Ancestor   |       |       |       |     1 ||     1
    Use: Potion            |       |     2 |       |     2 ||     4
         Scroll            |       |     1 |    14 |     7 ||    22
   Stab: Sleeping          |    16 |    30 |    25 |    20 ||    91
         Distracted        |       |     1 |     3 |     3 ||     7
 Armour: Robe              |    11 |    23 |    63 |    41 ||   138
         Skin              |       |    19 |       |       ||    19
  Dodge: Dodged            |    51 |    69 |   251 |   204 ||   575

Table legend: (Time is in decaauts)
 A = Elapsed time spent in this place.
 B = Non-inter-level travel time spent in this place.
 C = Inter-level travel time spent in this place.
 D = Time resting spent in this place.
 E = Time spent auto-exploring this place.
 F = Levels seen in this place.
 G = Mean time per level.
                   A        B        C        D        E       F      G
               +--------+--------+--------+--------+--------+-----+--------+
         Total |  10069 |   9478 |    591 |    649 |   7288 |  12 |  839.1 |
       Dungeon |   9560 |   8969 |    591 |    616 |   6976 |  10 |  956.0 |
         Abyss |    248 |    248 |      0 |     33 |    138 |   1 |  248.0 |
         Sewer |    260 |    260 |      0 |      0 |    173 |   1 |  260.0 |
               +--------+--------+--------+--------+--------+-----+--------+

Top non-repeatable levels by time:
     D:4: 1525 daAuts
     D:2: 1302 daAuts
     D:6: 1211 daAuts
     D:1: 1152 daAuts
     D:3: 1104 daAuts
     D:5: 1014 daAuts
     D:8: 946 daAuts
     D:9: 816 daAuts
     D:7: 471 daAuts
   Sewer: 260 daAuts
 Abyss:2: 248 daAuts
    D:10: 14 daAuts
